 Dungeon Sprint DCSS version 0.18.1-50-g88ac8fd (webtiles) character file.

966 Kagutsuchi the Fighter (level 7, -5/99 HPs)
             Began as a Grey Draconian Berserker on Oct 26, 2016.
             Was a Priest of Trog.
             Slain by a polar bear (6 damage)
             ... in the Dungeon (Sprint II: "The Violet Keep of Menkaure").
             The game lasted 00:02:47 (378 turns).

Kagutsuchi the Fighter (Grey Draconian Berserker)    Turns: 378, Time: 00:02:48

Health: -5/99      AC: 11    Str: 25    XL:     7   Next: 93%
Magic:  7/7        EV: 18    Int:  9    God:    Trog [***...]
Gold:   251        SH:  0    Dex: 16    Spells: 0 memorised, 6 levels left

rFire  . . .     SeeInvis .     j - +7 hand axe of Noluxa {venom, Int+2}
rCold  . . .     Gourm    .     (armour unavailable)
rNeg   . . .     Faith    .     (no shield)
rPois  .         Spirit   .     (helmet restricted)
rElec  .         Dismiss  .     (no cloak)
rCorr  .         Reflect  .     (no gloves)
SustAt .         Harm     .     (no boots)
MR     .....     NoTele   +     (no amulet)
Stlth  ..........               (no ring)
                                (no ring)

@: berserking, very quick, not resistant to hostile enchantments, extremely
unstealthy
A: walk through water, unfitting armour, agile 2, frail 1, unbreathing,
cold-blooded, AC +11
a: Berserk, Trog's Hand, Burn Spellbooks, Renounce Religion


You were in the Dungeon.
You worshipped Trog.
Trog was most pleased with you.
You were hungry.

You visited 1 branch You collected 729 gold pieces.
You spent 478 gold pieces at shops.

Inventory:

Hand Weapons
 a - a +0 falchion
 j - the +7 hand axe of Noluxa (weapon) {venom, Int+2}
   (You bought it in a shop in the Dungeon)

   It poisons the flesh of those it strikes.
   It affects your intelligence (+2).
Scrolls
 h - a scroll of blinking
Potions
 c - 4 potions of curing
 d - 3 potions of heal wounds
 e - a potion of haste
 f - 2 potions of magic
 g - a potion of berserk rage
Comestibles
 b - a bread ration


   Skills:
 + Level 11.4 Fighting
 + Level 10.6 Long Blades
 + Level 9.3 Dodging
 + Level 1.3 Stealth


You had 6 spell levels left.
You didn't know any spells.

Dungeon Overview and Level Annotations

Branches:
Dungeon (1/1)

Altars:
Cheibriados
Dithmenos
Elyvilon
Fedhas
Gozag
Kikubaaqudgha
Makhleb
Nemelex Xobeh
Pakellas
Ru
Sif Muna
Trog
Vehumet
Xom
Yredelemnul
The Shining One

Shops:
D =:([:![[=[*(%}!?

Annotations:
D exclusions: ice statue and oklob plant


Innate Abilities, Weirdness & Mutations

You can walk through water.
Your dull iron-grey scales are very hard (AC +11).
Your body does not fit into most forms of armour.
You can survive without breathing.
You are cold-blooded and may be slowed by cold attacks.
You are very agile. (Dex +4)
You are frail (-10% HP).


Message History

The polar bear misses you.
You closely miss the polar bear.
You tail-slap the polar bear, but do no damage.
The polar bear is heavily wounded.
You slash the polar bear!
The polar bear is severely wounded.
You are engulfed in a cloud of scalding steam.
The polar bear goes berserk!
The polar bear bites you. The polar bear closely misses you.
The polar bear barely misses you.
You slash the polar bear!
The polar bear is poisoned.
The polar bear is almost dead.
You slash the polar bear!
The polar bear is almost dead.
The polar bear bites you!!
* * * LOW HITPOINT WARNING * * *
The polar bear closely misses you. The polar bear misses you.
The polar bear goes berserk!
The polar bear bites you!!
* * * LOW HITPOINT WARNING * * *
The polar bear barely misses you. The polar bear claws you.
You die...

##. .##.#### #..#..#
...# .# # #†# ##..## .#
###'# #.##..# .# #
.##.##B.$#..# .# .#
.÷.<.+# +..### .##.#
.##.##B..#..†.###h..##▓▓
###†###.##......hhy≈≈≈≈≈
##.#.####≈≈....§@#c#####
#.###.#≈≈≈§≈§§§§≈#....._
##.#.##≈≈≈≈§≈≈≈.≈#...._.
≈##+##≈≈≈§§≈≈≈≈≈≈#..._._
≈≈≈≈≈≈≈≈≈§§≈§§≈≈≈#.._._.
+++#+++#≈§§§§§§≈≈#._._._
§≈§§§ ##≈§§###§≈#.._._.
≈§§§≈≈≈≈##≈≈# #§≈#._._._
≈≈§8≈§≈≈≈+≈≈# #≈≈#.._._.


You could see 3 polar bears, a yaktaur and a wasp.

Vanquished Creatures
  A blink frog (D)
  2 hippogriffs (D)
  4 necrophages (D)
  A crocodile (D)
  4 worker ants (D)
12 creatures vanquished.

Vanquished Creatures (others)
  Menkaure (D)
  A crocodile (D)
2 creatures vanquished.

Grand Total: 14 creatures vanquished

Notes
Turn   | Place    | Note
--------------------------------------------------------------
     0 | D        | Kagutsuchi the Draconian Berserker began the quest for the Orb.
     0 | D        | Reached XP level 1. HP: 19/19 MP: 1/1
     1 | D        | Noticed a boulder beetle
     1 | D        | Noticed a boulder beetle
     7 | D        | Noticed a worker ant
     7 | D        | Noticed a worker ant
    11 | D        | Noticed a necrophage
    11 | D        | Noticed a necrophage
    11 | D        | Noticed a necrophage
    11 | D        | Noticed a necrophage
    14 | D        | Killed a necrophage
    14 | D        | Reached skill level 6 in Fighting
    14 | D        | Reached skill level 5 in Long Blades
    14 | D        | Reached skill level 5 in Dodging
    14 | D        | Reached XP level 2. HP: 30/30 MP: 2/2
    14 | D        | Reached XP level 3. HP: 37/37 MP: 3/3
    14 | D        | Reached XP level 4. HP: 44/44 MP: 4/4
    17 | D        | Killed a necrophage
    17 | D        | Reached skill level 7 in Fighting
    17 | D        | Reached XP level 5. HP: 52/52 MP: 5/5
    20 | D        | Killed a necrophage
    20 | D        | Reached skill level 8 in Fighting
    25 | D        | Killed a necrophage
    25 | D        | Reached skill level 9 in Fighting
    25 | D        | Reached XP level 6. HP: 62/62 MP: 6/6
    33 | D        | Killed Menkaure
   184 | D        | Noticed a hippogriff
   184 | D        | Noticed a hippogriff
   189 | D        | Killed a hippogriff
   193 | D        | Killed a hippogriff
   193 | D        | Reached skill level 10 in Fighting
   193 | D        | Your scales start taking on a dull iron-grey colour.
   193 | D        | Reached XP level 7. HP: 72/72 MP: 7/7
   193 | D        | Gained mutation: You can survive without breathing. [Grey Draconian growth]
   226 | D        | Reached ** piety under Trog
   233 | D        | Reached skill level 10 in Long Blades
   242 | D        | Reached *** piety under Trog
   253 | D        | Noticed an ice statue
   272 | D        | Found Amniumul's Magic Scroll Emporium.
   272 | D        | Found Nigog's Food Shoppe.
   272 | D        | Found Foemnimm's Distillery.
   272 | D        | Found Nupei's Antique Weapon Emporium.
   273 | D        | Found Bifyer's Gadget Emporium.
   273 | D        | Found Tiqin's Armour Shoppe.
   273 | D        | Found Facade Zigas's Jewellery Emporium.
   273 | D        | Found Fiohuhoz's Armour Shoppe.
   274 | D        | Found Kusotaxt's Antique Armour Emporium.
   274 | D        | Found Mezxouda's Distillery.
   274 | D        | Found Poxzad's Book Shoppe.
   275 | D        | Found Budazug's General Store.
   275 | D        | Noticed a yak
   276 | D        | Noticed a yak
   276 | D        | Found Tes Pakk's Antique Armour Shoppe.
   276 | D        | Found Lieklisi's Antique Weapon Emporium.
   276 | D        | Noticed a yak
   276 | D        | Noticed an oklob plant
   277 | D        | Found Ifrusad's Jewellery Shoppe.
   277 | D        | Found Acadur's Book Shoppe.
   279 | D        | Noticed a fire dragon
   285 | D        | Bought a potion of curing for 36 gold pieces
   285 | D        | Bought 2 potions of curing for 72 gold pieces
   285 | D        | Bought a potion of curing for 36 gold pieces
   285 | D        | Bought a potion of mutation for 30 gold pieces
   285 | D        | Bought a potion of curing for 36 gold pieces
   299 | D        | Bought a bone hand axe for 168 gold pieces
   299 | D        | Identified the +7 hand axe of Noluxa {venom, Int+2} (You bought it in a shop in the Dungeon)
   302 | D        | Bought 2 potions of heal wounds for 100 gold pieces
   302 | D        | Gained mutation: You are frail (-10% HP). [potion of mutation]
   302 | D        | Gained mutation: You are agile. (Dex +2) [potion of mutation]
   302 | D        | Gained mutation: You are very agile. (Dex +4) [potion of mutation]
   315 | D        | Reached skill level 11 in Fighting
   323 | D        | Noticed a blink frog
   333 | D        | Killed a blink frog
   333 | D        | Reached skill level 1 in Stealth
   362 | D        | Found a basalt altar of Yredelemnul.
   363 | D        | Found a glowing golden altar of the Shining One.
   364 | D        | Found a sacrificial altar of Ru.
   364 | D        | Found an ancient bone altar of Kikubaaqudgha.
   364 | D        | Found a shimmering altar of Xom.
   365 | D        | Found a white marble altar of Elyvilon.
   365 | D        | Found a deep blue altar of Sif Muna.
   366 | D        | Found a burning altar of Makhleb.
   367 | D        | Found a snail-covered altar of Cheibriados.
   367 | D        | Found an oddly glowing altar of Pakellas.
   367 | D        | Found a shadowy altar of Dithmenos.
   367 | D        | Found a sparkling altar of Nemelex Xobeh.
   367 | D        | Noticed a polar bear
   368 | D        | Noticed a polar bear
   369 | D        | Noticed a polar bear
   370 | D        | Found an opulent altar of Gozag.
   370 | D        | Found a blossoming altar of Fedhas.
   370 | D        | Found a bloodstained altar of Trog.
   370 | D        | Found a radiant altar of Vehumet.
   372 | D        | Noticed a yaktaur
   378 | D        | HP: 1/99 [polar bear (18)]
   378 | D        | Slain by a polar bear

Skill      XL: |  1  2  3  4  5  6  7 |
---------------+----------------------+-----
Fighting       | 6 7 9 10 11 | 11.4
Long Blades    | 5 7 8 9 10 | 10.6
Dodging        | 5 6 7 8 9 |  9.3
Stealth        | 1 |  1.3

Action                   |  1- 3 |  4- 6 |  7- 9 || total
-------------------------+-------+-------+-------++-------
Melee: Falchion          |     2 |    19 |    21 ||    42
       Tailslap          |     1 |     5 |     9 ||    15
       Hand axe          |       |       |    21 ||    21
Invok: Berserk           |     1 |     1 |     1 ||     3
  Use: Potion            |       |       |     3 ||     3
 Stab: Sleeping          |       |       |     1 ||     1
Armor: Skin              |       |     2 |    11 ||    13
Dodge: Dodged            |       |     5 |    47 ||    52
